 Dungeon Crawl Stone Soup version 0.30.0 (webtiles) character file.

Game seed: 6385487789761342301

3635 browni3141 the Basher (level 9, -1/81 (84) HPs)
             Began as an Armataur Delver on May 6, 2023.
             Was a Believer of Okawaru.
             Slain by a wight
             ... wielding a +4 war axe of freezing
              (5 damage)
             ... on level 8 of the Dungeon.
             The game lasted 00:09:09 (7745 turns).

browni3141 the Basher (Armataur Delver)             Turns: 7745, Time: 00:09:10

HP:   -1/81 (84)    AC: 11    Str: 32    XL:     9   Next: 87%
MP:   6/8           EV: 12    Int: 13    God:    Okawaru [**....]
Gold: 272           SH:  4    Dex: 13    Spells: 8/8 levels left

rFire   . . .        X - +0 mace
rCold   . . .        (no shield)
rNeg    + . .        u - +0 acid dragon scales
rPois   +            Y - +0 hat
rElec   .            (no cloak)
rCorr   +            U - +1 pair of gloves "Ruetareth" {rN+}
SInv    .            (no barding)
Will    .....        V - amulet of regeneration
Stlth   ++++         S - +6 ring of strength
HPRegen 1.13/turn    w - ring "Earthly Heaven" {rPois Int+6 Dex+2}
MPRegen 0.11/turn

%: roll
@: heroic, slowed, lightly drained, very slow
A: large, rugged brown scales 3, deformed body, armoured tail, roll, long
tongue, awkward tongue, stinger 1, large bone plates 1, dopey 1, low MP 1,
strong 1
a: Renounce Religion, Heroism


You were on level 8 of the Dungeon.
You worshipped Okawaru.
Okawaru was pleased with you.
You visited 2 branches of the dungeon, and saw 9 of its levels.

You collected 386 gold pieces.
You spent 114 gold pieces at shops.

Inventory:

Hand Weapons
 a - a +0 short sword
 X - a +0 mace (weapon)
Missiles
 o - 5 boomerangs
 D - 2 javelins (quivered)
 J - 33 poisoned darts
 R - 6 atropa-tipped darts
 T - a boomerang of dispersal
 Z - 2 throwing nets
Armour
 b - a +0 leather armour
 n - a +2 leather armour of fire resistance
 p - a +2 leather armour of cold resistance
 u - +0 acid dragon scales (worn)
 U - the +1 pair of gloves "Ruetareth" (worn) {rN+}
   (You found it on level 2 of the Dungeon)

   rN:        It protects you from negative energy.
 W - a +0 ring mail
 Y - a +0 hat (worn)
Magical Staves
 K - a staff of air
Jewellery
 q - a ring of fire
 w - the ring "Earthly Heaven" (right hand) {rPois Int+6 Dex+2}
   (You found it on level 7 of the Dungeon)

   [ring of intelligence]

   Int:       It affects your intelligence (+6).
   Dex:       It affects your dexterity (+2).
   rPois:     It protects you from poison.
 G - a ring of resist corrosion
 N - a ring of poison resistance
 S - a +6 ring of strength (left hand)
 V - an amulet of regeneration (around neck)
Wands
 g - a wand of digging (3)
Scrolls
 d - 5 scrolls of magic mapping
 e - 3 scrolls of fear
 r - a scroll of identify
 v - a scroll of enchant weapon {unknown}
 y - a scroll of butterflies {unknown}
 z - 4 scrolls of immolation {unknown}
 A - a scroll of vulnerability {unknown}
 B - a scroll of amnesia {unknown}
 E - a scroll of enchant armour
 F - 2 scrolls of fog
 H - 3 scrolls of noise
 O - 5 scrolls of teleportation
 P - 5 scrolls of blinking
Potions
 c - a potion of cancellation
 s - a potion of invisibility {unknown}
 t - a potion of mutation
 x - a potion of heal wounds {unknown}
 C - 5 potions of curing
 I - 2 potions of attraction
 L - 2 potions of lignification
 M - 2 potions of might
 Q - 2 potions of berserk rage


   Skills:
 + Level 7.5(12.5) Fighting
 - Level 1.7(6.7) Short Blades
 * Level 8.4(13.4) Maces & Flails
 - Level 4.0(9.0) Throwing
 - Level 7.0(12.0) Armour
 - Level 1.3(6.3) Dodging
 - Level 5.4(10.4) Stealth


You had 8 spell levels left.
You didn't know any spells.
Your spell library was empty.

Dungeon Overview and Level Annotations

Branches:
Dungeon (8/15)             Temple (1/1) D:7
   Lair: D:8-11

Altars:
Ashenzari
Cheibriados
Dithmenos
Elyvilon
Fedhas
Gozag
Kikubaaqudgha
Nemelex Xobeh
Okawaru
Qazlal
Ru
Trog
Vehumet
Wu Jian
Xom
Yredelemnul
Zin
The Shining One

Shops:
D:3 ?

Annotations:
D:8 exclusion: centaur warrior


Innate Abilities, Weirdness & Mutations

You are completely covered in rugged brown scales. (AC +3, +7% HP)
Armour fits poorly on your strangely shaped body.
You have a long armoured tail.
You roll when moving toward enemies. (Rampage)
Your long tongue fully drains potion bottles. (2x potion effects)
Your tongue gives you trouble enunciating. (1.5x scroll delay)
Your tail ends in a venomous barb.
You are partially covered in large bone plates. (SH +4)
You are dopey. (Int -2)
Your magical capacity is low. (-10% MP)
Your muscles are strong. (Str +4, Int/Dex -1)


Message History

You completely miss the orc priest.
The orc priest is moderately wounded.
The orc priest hits you with a +0 flail.
You hit the orc priest.
The orc priest is heavily wounded.
The orc priest hits you with a +0 flail.
You barely miss the orc priest. You tail-slap the orc priest!
You kill the orc priest!
Okawaru accepts your kill.
You thump the yak! You tail-slap the yak!
The yak is poisoned.
The yak is heavily wounded.
The yak gores you!
You hit the yak but do no damage. You tail-slap the yak.
The yak is severely wounded.
The yak gores you!
You hit the yak.
Your tail-slap misses the yak.
The yak is severely wounded.
The yak misses you.
You sock the yak! You tail-slap the yak.
You kill the yak!
Okawaru accepts your kill.
Things that are here:
a +0 flail; a +0 leather armour; a yak corpse No target in view!
No target in view!
An efreet, a cyclops and a centaur warrior come into view.
The efreet is wielding a +4 scimitar of flaming.
There are monsters nearby!
There are monsters nearby!
There are monsters nearby!
Press: ? - help, v - describe, . - travel
Here: a centaur warrior (asleep)
The floor.
Placed new exclusion.
You now have 272 gold pieces (gained 19).
The bullfrog croaks.
You roll towards the bullfrog!
The bullfrog closely misses you. The bullfrog hits you.
You barely miss the bullfrog.
Your tail-slap misses the bullfrog.
The bullfrog hits you but does no damage.
You hit the bullfrog. You tail-slap the bullfrog!
The bullfrog is heavily wounded.
You block the bullfrog's attack. The bullfrog closely misses you.
You closely miss the bullfrog. You tail-slap the bullfrog!
You kill the bullfrog!
Okawaru accepts your kill.
No target in view!
No target in view!
You see here a bullfrog corpse.
A kobold brigand comes into view.
It is wielding a +0 dagger and quivering curare-tipped darts.
A gnoll sergeant comes into view. It is wielding a +0 spear.
The gnoll sergeant shouts!
The kobold brigand shouts!
The kobold brigand throws a curare-tipped dart.
The curare-tipped dart hits you.
You are poisoned.
You have difficulty breathing.
You feel yourself slow down.
You roll towards the wight!
You hit the wight.
The wight is lightly damaged.
You feel very sick.
The gnoll sergeant hits you from afar with a +0 spear!
The wight barely misses you. The wight closely misses you.
The gnoll sergeant hits you from afar with a +0 spear.
You completely miss the wight.
The wight is lightly damaged.
You feel sick. The wight hits you but does no damage.
The gnoll sergeant completely misses you.
The kobold brigand hits you with a +0 dagger.
The wight attacks as you move away!
The wight hits you with a +4 war axe of freezing!
You partially resist.
You feel drained. The wight freezes you.
You feel sick.
The gnoll sergeant hits you from afar with a +0 spear!
The wight hits you with a +4 war axe of freezing!
The wight freezes you.
You feel sick. The wight attacks as you move away!
The wight hits you with a +4 war axe of freezing.
* * * LOW HITPOINT WARNING * * *
You partially resist.
You feel drained. The wight freezes you.
* * * LOW HITPOINT WARNING * * *
You feel sick.
The wight hits you with a +4 war axe of freezing.
* * * LOW HITPOINT WARNING * * *
You partially resist.
You feel drained.
* * * LOW HITPOINT WARNING * * *
The wight freezes you.
* * * LOW HITPOINT WARNING * * *
You feel better.
You slurp down every last drop of the potion of curing!
The wight hits you with a +4 war axe of freezing!
The wight freezes you.
* * * LOW HITPOINT WARNING * * *
You gain the combat prowess of a mighty hero.
The wight hits you with a +4 war axe of freezing.
* * * LOW HITPOINT WARNING * * *
The wight freezes you.
* * * LOW HITPOINT WARNING * * *
The wight hits you with a +4 war axe of freezing!
* * * LOW HITPOINT WARNING * * *
The wight freezes you.
You die...

..## ##.## ##..###.###. ###.
#..####..# ##..## ..# #.
#.....)..## #..## .. ..
#.........###.## ### .
#..........#..# ###..###
..##.......#..###......#
####...........K.gK.# R# #
##.........#z##......# # Cc ###
##..#..#..#.@###..###.# #.
..####..#[....##...####..# ##.
#...##...###...##......^# ..
##......## ##...##.....## #.
........# #....###.### ###.
..##....## ##...##.....# ##...
.........###..)###..##.### ##.###
..#....#......##)#.....#[###.#...
......###.....#..###.###..#.#..##


You could see a kobold brigand and a wight.

Vanquished Creatures
  A two-headed ogre (D:8)
  Joseph (D:8)
  A yak (D:8)
  A steam dragon (D:8)
  An acid dragon (D:7)
  An orc warrior (D:8)
  2 sky beasts
  2 black bears
  A centaur (D:8)
  2 ogres (D:6)
  2 kobold brigands
  7 bullfrogs
  4 howler monkeys
  3 hounds
  A jelly (D:5)
  8 orc priests
  3 sleepcaps
  3 iguanas
  3 orc wizards
  7 gnolls
  11 adders
  A shadow imp (D:6)
  3 white imps
  An ufetubus (D:6)
  2 worms (D:3)
  2 dart slugs
  20 orcs
  2 bats (D:2)
  12 endoplasms
  2 giant cockroaches
  9 goblins
  2 hobgoblins
  4 jackals (D:2)
  8 kobolds
  2 quokkas (D:2)
  8 ball pythons
  2 frilled lizards
  7 rats
152 creatures vanquished.

Notes
Turn   | Place    | Note
-------+----------+-------------------------------------------
     0 | D:5      | browni3141 the Armataur Delver began the quest for the Orb.
     0 | D:5      | Reached XP level 1. HP: 19/19 MP: 1/1
     4 | D:6      | Noticed a kobold brigand
    67 | D:5      | Noticed a howler monkey
   103 | D:5      | Noticed a hound
   155 | D:5      | Noticed a black bear
   261 | D:5      | Reached skill level 3 in Fighting
   261 | D:5      | Reached XP level 2. HP: 27/27 MP: 2/2
   353 | D:2      | Gained mutation: You sometimes lose your temper in combat.
                  | [potion of mutation]
   353 | D:2      | Gained mutation: You occasionally lose the ability to drink
                  | potions when taking damage. [potion of mutation]
   353 | D:2      | Gained mutation: You are robust. (+10% HP) [potion of
                  | mutation]
   353 | D:2      | Gained mutation: You are partially covered in iridescent
                  | scales. (AC +2) [potion of mutation]
   566 | D:2      | Reached XP level 3. HP: 38/38 MP: 3/3
  1711 | D:2      | Identified the +1 pair of gloves "Ruetareth" {rN+}
  1974 | D:3      | Reached XP level 4. HP: 47/47 MP: 4/4
  2284 | D:3      | Reached skill level 1 in Maces & Flails
  2541 | D:3      | Found Ofuru's Magic Scroll Shoppe.
  2553 | D:3      | Bought a scroll of blinking for 90 gold pieces
  2553 | D:3      | Bought a scroll of identify for 24 gold pieces
  2564 | D:3      | Lost mutation: You are robust. (+10% HP) [potion of
                  | mutation]
  2564 | D:3      | Lost mutation: You are partially covered in iridescent
                  | scales. (AC +2) [potion of mutation]
  2564 | D:3      | Lost mutation: You occasionally lose the ability to drink
                  | potions when taking damage. [potion of mutation]
  2564 | D:3      | Lost mutation: You sometimes lose your temper in combat.
                  | [potion of mutation]
  2564 | D:3      | Gained mutation: Your mind is acute. (Int +4, Str/Dex -1)
                  | [potion of mutation]
  2564 | D:3      | Gained mutation: You are clumsy. (Dex -2) [potion of
                  | mutation]
  2564 | D:3      | Gained mutation: Your magical capacity is low. (-10% MP)
                  | [potion of mutation]
  2564 | D:3      | Gained mutation: Your magical capacity is very low. (-20%
                  | MP) [potion of mutation]
  2564 | D:3      | Gained mutation: You occasionally lose the ability to read
                  | scrolls when taking damage. [potion of mutation]
  2564 | D:3      | Gained mutation: You have a pair of small horns on your
                  | head. [potion of mutation]
  2564 | D:3      | Lost mutation: You are clumsy. (Dex -2) [potion of
                  | mutation]
  2565 | D:3      | Lost mutation: You have a pair of small horns on your head.
                  | [potion of mutation]
  2565 | D:3      | Lost mutation: You occasionally lose the ability to read
                  | scrolls when taking damage. [potion of mutation]
  2565 | D:3      | Lost mutation: Your mind is acute. (Int +4, Str/Dex -1)
                  | [potion of mutation]
  2565 | D:3      | Lost mutation: Your magical capacity is very low. (-20% MP)
                  | [potion of mutation]
  2565 | D:3      | Gained mutation: You are partially covered in large bone
                  | plates. (SH +4) [potion of mutation]
  2565 | D:3      | Gained mutation: You are dopey. (Int -2) [potion of
                  | mutation]
  2565 | D:3      | Gained mutation: Your muscles are strong. (Str +4, Int/Dex
                  | -1) [potion of mutation]
  2565 | D:3      | Gained mutation: Your tail ends in a venomous barb. [potion
                  | of mutation]
  2786 | D:4      | Reached XP level 5. HP: 50/50 MP: 4/4
  2995 | D:4      | Found an ornate altar of the Wu Jian Council.
  3038 | D:4      | Reached skill level 2 in Maces & Flails
  3381 | D:5      | Reached XP level 6. HP: 16/58 MP: 5/5
  3428 | D:6      | Reached skill level 3 in Maces & Flails
  3540 | D:5      | Found a sacrificial altar of Ru.
  3552 | D:5      | Reached skill level 3 in Armour
  3653 | D:5      | Reached XP level 7. HP: 51/65 MP: 6/6
  3656 | D:5      | Reached skill level 4 in Maces & Flails
  4202 | D:5      | Found a sacrificial altar of Ru.
  5052 | D:6      | Found a radiant altar of Vehumet.
  5277 | D:6      | Reached skill level 5 in Maces & Flails
  5399 | D:6      | Reached XP level 8. HP: 42/74 MP: 7/7
  5437 | D:6      | Found a sparkling altar of Nemelex Xobeh.
  5760 | D:7      | Identified the ring "Earthly Heaven" {rPois Int+6 Dex+2}
  5875 | D:7      | Found a staircase to the Ecumenical Temple.
  5884 | D:7      | Reached skill level 6 in Fighting
  5899 | Temple   | Entered the Ecumenical Temple
  6123 | Temple   | Became a worshipper of Warmaster Okawaru
  6261 | D:7      | Reached * piety under Okawaru
  6262 | D:7      | Reached skill level 6 in Maces & Flails
  7102 | D:8      | Found a bloodstained altar of Trog.
  7211 | D:8      | Reached skill level 3 in Throwing
  7254 | D:8      | Noticed a two-headed ogre
  7273 | D:8      | Killed a two-headed ogre
  7274 | D:8      | Reached skill level 6 in Armour
  7274 | D:8      | Reached XP level 9. HP: 74/83 MP: 6/8
  7307 | D:8      | Noticed Joseph
  7325 | D:8      | Killed Joseph
  7326 | D:8      | Reached skill level 7 in Maces & Flails
  7518 | D:8      | Reached ** piety under Okawaru
  7519 | D:8      | Reached skill level 8 in Maces & Flails
  7631 | D:8      | Noticed a +0 short sword
  7631 | D:8      | Noticed a +0 spear
  7631 | D:8      | Noticed a +0 short sword
  7632 | D:8      | Noticed a +0 dagger
  7632 | D:8      | Noticed a +0 dagger
  7633 | D:8      | Noticed a +0 falchion
  7634 | D:8      | Noticed a +0 spear
  7635 | D:8      | Noticed a +0 falchion
  7697 | D:8      | Noticed an efreet
  7697 | D:8      | Noticed a cyclops
  7697 | D:8      | Noticed a centaur warrior
  7745 | D:8      | HP: 4/81 [wight/+4 war axe of freezing (13)]
  7745 | D:8      | Slain by a wight

Illustrated notes

Levels and vault maps discovered:
D:1:      dpeg_arrival_rooms_a, layout_basic, corner_web_ring
D:2:      layout_loops_ring, minmay_tromino_v2
D:3:      layout_basic, serial_shops, nicolae_shop_waterfront
D:4:      kennysheep_spiral_hall, layout_basic, nicolae_wu_jian_wuxing_cycle,
          minivault_27, st_stairs_13
D:5:      layout_loops_ring, mainiacjoe_overflow_brackets
D:6:      layout_basic, nicolae_vehumet_radiance, nemelex_dance_club_becter,
          minmay_misc_feat_tower
D:7:      layout_basic, minmay_temple_entry_proselytizer, serial_glass,
          glass_columns_b, glass_columns_c, glass_columns_a, glass_columns_b,
          glass_columns_c, glass_columns_a, feat_on_display, minivault_24
D:8:      minmay_the_grid_octo_2x2 [minmay_the_grid_octo_odd_swirl,
          minmay_the_grid_octo_vomiting_pacman, minmay_the_grid_octo_concentric,
          minmay_the_grid_octo_prize_square_snowflake], layout_layer_cave,
          nicolae_uskayaw_en_pointe, old_standard_altar, uniq_joseph
Temple:   nicolae_temple_bog_church

Skill      XL: |  1  2  3  4  5  6  7  8  9 |
---------------+----------------------------+-----
Fighting       | 3 4 5 6 7 |  7.5
Maces & Flails | 1 2 3 5 6 8 |  8.4
Armour         | 1 2 3 4 6 7 |  7.0
Throwing       | 4 |  4.0
Short Blades   | |  1.7
Dodging        | |  1.3
Stealth        | |  5.4

Action                     |  1- 3 |  4- 6 |  7- 9 || total
---------------------------+-------+-------+-------++-------
  Melee: Short sword       |   130 |    87 |       ||   217
         Tailslap          |    16 |    28 |    40 ||    84
         Punch             |     1 |     4 |     5 ||    10
         Mace              |       |   101 |   275 ||   376
  Throw: Dart              |       |    15 |     6 ||    21
         Throwing net      |       |       |     2 ||     2
         Javelin           |       |       |     2 ||     2
 Invoke: Heroism           |       |       |     4 ||     4
    Use: Potion            |     2 |     2 |     1 ||     5
         Scroll            |       |    11 |       ||    11
   Stab: Sleeping          |    13 |     5 |     5 ||    23
 Armour: Leather armour    |    56 |       |       ||    56
         Ring mail         |     1 |    79 |    74 ||   154
         Acid dragon scale |       |       |    43 ||    43
  Dodge: Dodged            |    52 |    90 |   112 ||   254
  Block: Other             |       |    13 |    54 ||    67
